 Dungeon Crawl Stone Soup version bcrawl-1.29.2 (webtiles) character file.

Game seed: 15534142197767468816

244813 Anonimiaus the Skirmisher (level 7, -3/77 HPs)
             Began as an Ent Fighter on Feb 22, 2021.
             Killed by divine providence
             ... invoked by an orc priest
              (10 damage)
             ... on level 3 of the Dungeon.
             The game lasted 00:06:21 (3295 turns).

Anonimiaus the Skirmisher (Ent Fighter)             Turns: 3295, Time: 00:06:21

Health: -3/77      AC: 16    Str: 26    XL:     7   Next: 35%
Magic:  8/8        EV:  8    Int:  8    God:
Gold:   246        SH:  9    Dex:  9    Spells: 6/6 levels left

rFire    . . .     SeeInvis .   a - +0 trident
rCold    . . .     Gourm    .   b - +0 medium shield
rNeg     + + +     Faith    .   (armour unavailable)
rPois    +         Spirit   .   (helmet restricted)
rElec    .         Reflect  .   k - +1 cloak
rCorr    .         Harm     .   (gloves unavailable)
MR       .....                  (boots unavailable)
Stlth    ++........             p - amulet of the acrobat
HPRegen  0.22/turn              (no ring)
MPRegen  0.11/turn              (no ring)

@: very slow
A: large, slow actions, passwall, negative energy resistance 3, poison
resistance, slow metabolism 1, torment resistance, unbreathing, AC +14
a: Passwall


You were on level 3 of the Dungeon.
You were hungry.

You visited 1 branch of the dungeon, and saw 4 of its levels.

You collected 246 gold pieces.

Inventory:

Hand Weapons
 a - a +0 trident (weapon)
Missiles
 r - 46 poisoned tomahawks (quivered)
Armour
 b - a +0 medium shield (worn)
 k - a +1 cloak (worn)
Jewellery
 p - an amulet of the acrobat (around neck)
Wands
 m - a wand of polymorph (27)
 o - a wand of flame (23)
 s - a wand of enslavement (10)
 u - a wand of digging (10)
Scrolls
 d - a scroll of immolation {unknown}
 g - a scroll of teleportation {unknown}
 i - 5 scrolls of identify
Potions
 c - a potion of might
 l - 2 potions of degeneration {unknown}
 n - a potion of flight {unknown}
Comestibles
 e - 5 rations {!d}


   Skills:
 + Level 4.9 Fighting
 + Level 4.2 Polearms
 + Level 4.1 Dodging
 + Level 3.8 Stealth
 + Level 3.8 Shields
 + Level 1.9 Evocations


You had 6 spell levels left.
You didn't know any spells.
Your spell library was empty.

Dungeon Overview and Level Annotations

Branches:
Dungeon (4/12)
 Temple: D:4-7

Altars:
Cheibriados
Elyvilon
Sif Muna
Xom
The Shining One


Innate Abilities, Weirdness & Mutations

You move and act slowly.
You can pass through walls and trees.
Your thick bark is tough. (AC +14)
You are too large for most types of armour.
You are immune to negative energy. (rN+++)
Your system is resistant to poisons. (rPois)
You have a slow metabolism.
You are immune to unholy pain and torment.
You can survive without breathing.


Message History

The orc priest completely misses you.
There is a stone staircase leading up here.
You block the orc's attack. The orc priest hits you with a +0 club.
* * * LOW HITPOINT WARNING * * *
You climb upwards.
There is a stone staircase leading down here.
You puncture the orc priest!
The orc priest is heavily wounded.
The orc hits you but does no damage.
The orc priest calls down the wrath of Beogh upon you.
Beogh smites you!
* * * LOW HITPOINT WARNING * * *
You block the orc's attack.
You hit the orc priest.
The orc priest is severely wounded.
You block the orc priest's attack. The orc hits you with a +0 hand axe.
* * * LOW HITPOINT WARNING * * *
The orc priest invokes the aid of Beogh against you.
Beogh smites you!
You die...

.............# #.#
#.......#.#.# ####.........#
#.# #.......#.#.# #..########
#.# #.......#.#.## #..#
#.#########.#.#.#. #..#
#.#.........#.#.#.
#..##########.#.#########.#...
#.....#.......#.# #.......#.
##.##.#.....(o#.#####.###.#.#.
#.##........@..............#.
#.####......o................
#....................#.......
####.#########...#...#.#.#...
#....# #.....#...#...#.#.#...
##.#.# #.........#..)#.#.#...
#.#.# #.......#.#.).#.#.#...
#<#.# #.......#.#...#......#
###'###.......#.#.......##.#


You could see an orc priest and an orc.

Vanquished Creatures
  2 ogres (D:4)
  A crimson imp (D:4)
  A hound (D:4)
  2 orc priests (D:4)
  3 orc wizards (D:4)
  Jessica (D:2)
  An iguana (D:4)
  Ijyb (D:3)
  2 worker ants
  A hound zombie (D:4)
  A worker ant zombie (D:4)
  Robin (D:2)
  A howler monkey skeleton (D:4)
  3 adders
  An ooze (D:1)
  2 worms
  A dart slug (D:3)
  3 leopard geckos
  10 orcs
  3 giant cockroaches
  10 goblins
  16 hobgoblins
  10 jackals
  2 quokkas
  12 bats
  7 frilled lizards
  8 kobolds
  7 rats
113 creatures vanquished.

Notes
Turn   | Place    | Note
-------+----------+-------------------------------------------
     0 | D:1      | Anonimiaus the Ent Fighter began the quest for the Orb.
     0 | D:1      | Reached XP level 1. HP: 25/25 MP: 1/1
   173 | D:1      | Reached XP level 2. HP: 33/33 MP: 2/2
   357 | D:1      | Reached skill level 1 in Stealth
   390 | D:1      | Reached XP level 3. HP: 35/40 MP: 3/3
   744 | D:2      | Found a shimmering altar of Xom.
   744 | D:2      | Found a white marble altar of Elyvilon.
   745 | D:2      | Found a shimmering blue altar of Sif Muna.
   782 | D:2      | Noticed Jessica
   784 | D:2      | Killed Jessica
   887 | D:2      | Reached XP level 4. HP: 51/51 MP: 4/4
   999 | D:2      | Found a snail-covered altar of Cheibriados.
  1334 | D:2      | Found a glowing golden altar of the Shining One.
  1419 | D:2      | Noticed Robin
  1443 | D:2      | Killed Robin
  1444 | D:2      | Reached XP level 5. HP: 40/58 MP: 5/5
  1894 | D:3      | Noticed Ijyb
  1901 | D:3      | Killed Ijyb
  2808 | D:4      | Noticed an ogre
  2809 | D:4      | Reached XP level 6. HP: 53/68 MP: 6/6
  2821 | D:4      | Reached skill level 1 in Evocations
  3057 | D:4      | Reached XP level 7. HP: 64/77 MP: 8/8
  3295 | D:3      | Killed from afar by an orc priest

Skill      XL: |  1  2  3  4  5  6  7 |
---------------+----------------------+-----
Stealth        | 1 2 3 |  3.8
Dodging        | 3 4 |  4.1
Polearms       | 3 4 |  4.2
Shields        | 3 |  3.8
Fighting       | 4 |  4.9
Evocations     | 1 |  1.9

Action                   |  1- 3 |  4- 6 |  7- 9 || total
-------------------------+-------+-------+-------++-------
Melee: Trident           |    89 |   278 |    62 ||   429
Throw: Tomahawk          |       |     8 |       ||     8
  Use: Scroll            |       |     3 |     1 ||     4
       Potion            |       |     3 |       ||     3
 Stab: Sleeping          |     3 |     6 |       ||     9
       Distracted        |       |     1 |       ||     1
       Invisible         |       |     1 |       ||     1
  Eat: Chunk             |     2 |    16 |     2 ||    20
Armor: Skin              |    62 |   217 |    38 ||   317
Dodge: Dodged            |    38 |   151 |    37 ||   226
Block: Medium shield     |    60 |   192 |    44 ||   296
